 Dungeon Crawl Stone Soup version 0.31-a0-188-g5e087ee2ca (webtiles) character file.

Game seed: 12874813019629401697

4 qw the Shooter (level 1, 0/12 HPs)
             Began as a Deep Elf Hunter on June 23, 2023.
             Slain by Sigmund
             ... wielding a +2 scythe of freezing
              (1 damage)
             ... on level 2 of the Dungeon.
             The game lasted 00:00:02 (69 turns).

qw the Shooter (Deep Elf Hunter)                      Turns: 69, Time: 00:00:02

Health: 0/12       AC:  3    Str:  8    XL:     1   Next: 50%
Magic:  3/3        EV: 12    Int: 13    God:
Gold:   9          SH:  0    Dex: 18    Spells: 0/0 levels left

rFire   . . .        a - +0 shortbow
rCold   . . .        (shield currently unavailable)
rNeg    . . .        c - +0 leather armour
rPois   .            (no helmet)
rElec   .            (no cloak)
rCorr   .            (no gloves)
SInv    .            (no boots)
Will    .....        (no amulet)
Stlth   ++           (no ring)
HPRegen 0.22/turn    (no ring)
MPRegen 0.08/turn

%: no passive effects
@: no status effects
A: no striking features
a: no special abilities


You were on level 2 of the Dungeon.
You visited 1 branch of the dungeon, and saw 2 of its levels.

You collected 9 gold pieces.


   Skills:
 - Level 1.5 Fighting
 + Level 5.6 Ranged Weapons
 - Level 2.4 Dodging
 - Level 1.2 Stealth


You couldn't memorise any spells.
You didn't know any spells.
Your spell library was empty.

Inventory:

Hand Weapons
 a - a +0 shortbow (weapon)
Armour
 c - a +0 leather armour (worn)
 g - a +2 robe of willpower
Scrolls
 b - a scroll of butterflies
 d - a scroll of teleportation {unknown}
 e - a scroll of identify {unknown}
Potions
 f - a potion of might {unknown}

Dungeon Overview and Level Annotations

Branches:
Dungeon (2/15)

Altars:

Annotations:
D:2 Sigmund


Message History

You fall into a shaft and drop 1 floor!
The shaft crumbles and collapses.
Found a stone staircase leading down.
Waypoint 1 assigned to D:2.
A jackal comes into view.
You shoot an arrow. The arrow hits the jackal.
The jackal barks!
The jackal is severely wounded.
You hear a shout!
A jackal comes into view. x2
You shoot an arrow. The jackal barks!
The arrow hits the jackal!
You kill the jackal!
You shoot an arrow. The arrow hits the jackal.
You kill the jackal!
You shoot an arrow. The arrow hits the jackal.
The jackal is almost dead.
Found 3 gold pieces.
You see here a +2 robe of willpower.
You shoot an arrow. The arrow hits the jackal!
You kill the jackal!
g - a +2 robe of willpower Sigmund the Dreaded comes into view.
He is wielding a +2 scythe of freezing.
You shoot an arrow.
Sigmund shouts!
The arrow hits Sigmund.
Sigmund is lightly wounded.
Sigmund mumbles some strange words.
Sigmund flickers and vanishes!
Deactivating autopickup; reactivate with Ctrl-A.
You shoot an arrow. You shoot an arrow. You shoot an arrow. You shoot an arrow.
You shoot an arrow. You shoot an arrow. Something hits you!
Ouch! That really hurt!
Something freezes you.
You die...

............
#...........
#..........$
#.......%...
#...........
#..........
#..>..# #@#
#.# #.# #.#
#.# #.. ###


There were no monsters in sight!

Vanquished Creatures
  3 jackals (D:2)
3 creatures vanquished.

Notes
Turn   | Place    | Note
-------+----------+-------------------------------------------
     0 | D:1      | qw the Deep Elf Hunter began the quest for the Orb.
     0 | D:1      | Reached XP level 1. HP: 12/12 MP: 3/3
     0 | D:1      | 0 ||| qw: Version: 0.3-a-9-g12657ce
     0 | D:1      | 0 ||| qw: Game counter: 3890
     0 | D:1      | 0 ||| qw: Always use a shield: true
     0 | D:1      | 0 ||| qw: God list: Okawaru
     0 | D:1      | 0 ||| qw: Allow faded altars: false
     0 | D:1      | 0 ||| qw: Do Orc after D:15 true
     0 | D:1      | 0 ||| qw: Do second Lair branch before Depths: true
     0 | D:1      | 0 ||| qw: Lair rune preference: random
     0 | D:1      | 0 ||| qw: Plans: Normal
     0 | D:1      | 0 ||| PLANNING D:1-11
    54 | D:1      | You fall into a shaft and drop 1 floor!
    62 | D:2      | Noticed Sigmund
    69 | D:2      | HP: 1/12 [something (11)]
    69 | D:2      | Slain by Sigmund

Levels and vault maps discovered:
D:1:      nzn_arrival_settlement, layout_rooms, dk_noncrumbling_4
D:2:      cheibrodos_fertilizer, layout_rooms, basic_altar, uniq_sigmund

Action                     || total
---------------------------++-------
   Fire: Shortbow          ||    12

Table legend:
 A = Non-vault XP
 B = Vault XP
 C = Vault XP percentage of total XP
 D = Non-vault monster count
 E = Vault monster count
 F = Vault count percentage of total count
                 A         B        C        D         E       F
            +---------+---------+-------+---------+---------+-------
      Total |       6 |       0 |   0.0 |       3 |       0 |   0.0
            +---------+---------+-------+---------+---------+-------
        D:2 |       6 |       0 |   0.0 |       3 |       0 |   0.0
            +---------+---------+-------+---------+---------+-------
